 Dungeon Crawl Stone Soup version 0.24-a0-446-g87df7205b4 (webtiles) character file.

Game seed: 17928584927340317171

23 Conn the Firebug (level 2, -4/15 HPs)
             Began as a Deep Elf Fire Elementalist on June 24, 2019.
             Slain by an adder (5 damage)
             ... on level 2 of the Dungeon.
             The game lasted 00:01:32 (802 turns).

Conn the Firebug (Deep Elf Fire Elementalist)        Turns: 802, Time: 00:01:33

Health: -4/15      AC:  2    Str:  5    XL:     2   Next: 75%
Magic:  1/8        EV: 13    Int: 19    God:
Gold:   36         SH:  0    Dex: 15    Spells: 6/7 levels left

rFire    . . .     SeeInvis .   i - +0 short sword
rCold    + . .     Gourm    .   (no shield)
rNeg     . . .     Faith    .   a - +0 robe
rPois    .         Spirit   .   (no helmet)
rElec    .         Reflect  .   (no cloak)
rCorr    .         Harm     .   (no gloves)
MR       .....                  (no boots)
Stlth    ++........             (no amulet)
HPRegen  0.05/turn              e - ring of protection from cold
MPRegen  0.11/turn              (no ring)

@: lethally poisoned (-4 -> -12), very slightly contaminated, hasted, very quick
A: no striking features
a: no special abilities


You were on level 2 of the Dungeon.
You were not hungry.

You visited 1 branch of the dungeon, and saw 2 of its levels.

You collected 36 gold pieces.

Inventory:

Hand Weapons
 d - a +0 dagger
 i - a +0 short sword (weapon)
Armour
 a - a +0 robe (worn)
Jewellery
 e - a ring of protection from cold (left hand)
Scrolls
 h - 3 scrolls of identify {unknown}
 k - a scroll of remove curse {unknown}
 m - a scroll of enchant armour {unknown}
 n - a scroll of immolation {unknown}
Potions
 f - a potion of brilliance {unknown}
 g - a potion of curing {unknown}
 j - a potion of degeneration {unknown}
Comestibles
 c - 5 rations


   Skills:
 + Level 2.9 Dodging
 + Level 2.8 Stealth
 + Level 3.1 Spellcasting
 + Level 1.6 Conjurations
 + Level 3.7 Fire Magic


You had 6 spell levels left.
You knew the following spells:

 Your Spells              Type           Power        Failure   Level  Hunger
a - Flame Tongue          Conj/Fire      ##...        4%          1    None

Your spell library contained the following spells:

 Spells                   Type           Power        Failure   Level  Hunger
 Throw Flame              Conj/Fire      ##....       8%          2    ##.....
 Conjure Flame            Conj/Fire      ##......     16%         3    ###....
 Inner Flame              Hex/Fire       ##......     22%         3    ###....
 Sticky Flame             Conj/Fire      ##......     45%         4    ####...
 Fireball                 Conj/Fire      ##........   80%         5    ######.


Dungeon Overview and Level Annotations

Branches:
Dungeon (2/15)

Altars:


Message History

The flame tongue misses the adder.
You feel sick. The adder completely misses you.
Casting: Flame Tongue (safe; 4% risk of failure)
Confirm with . or Enter, or press ? or * to list all spells.
Aiming: Flame Tongue (safe; 4% risk of failure)
Press: ? - help, Shift-Dir - straight line, f/p - adder
Aim: an adder (severely wounded)
The flame tongue hits the adder.
The adder is almost dead.
You feel sick. The adder bites you.
Casting: Flame Tongue (safe; 4% risk of failure)
Confirm with . or Enter, or press ? or * to list all spells.
Aiming: Flame Tongue (safe; 4% risk of failure)
Press: ? - help, Shift-Dir - straight line, f/p - adder
Aim: an adder (almost dead)
You miscast Flame Tongue.
Nothing appears to happen.
The adder misses you. The adder bites you.
* * * LOW HITPOINT WARNING * * *
It was a potion of haste.
You feel yourself speed up. The adder bites you.
You die...

#.# #.# #.#
#.# #.# #.#
#.#
#.##########
#........@S#
##########.#
.# .# .# ..
##


You could see an adder.

Vanquished Creatures
  A leopard gecko (D:1)
  4 hobgoblins (D:1)
  6 kobolds
  A quokka (D:2)
  5 bats (D:1)
  3 goblins (D:1)
  A rat (D:1)
21 creatures vanquished.

Notes
Turn   | Place    | Note
-------+----------+-------------------------------------------
     0 | D:1      | Conn the Deep Elf Fire Elementalist began the quest for the
                  | Orb.
     0 | D:1      | Reached XP level 1. HP: 10/10 MP: 6/6
   312 | D:1      | Reached XP level 2. HP: 15/15 MP: 4/8
   802 | D:2      | Slain by an adder

Levels and vault maps discovered:
D:1:      minmay_arrival_radiant_lines, layout_basic, minmay_misc_feat_roman,
          serial_bayou_crossing
D:2:      layout_loops_ring, first_ration

Action                   || total
-------------------------++-------
Melee: Unarmed           ||     2
       Short sword       ||     4
 Cast: Flame Tongue      ||    31
  Use: Potion            ||     1
 Stab: Sleeping          ||     4
Dodge: Dodged            ||    15

Table legend:
 A = Non-vault XP
 B = Vault XP
 C = Vault XP percentage of total XP
 D = Non-vault monster count
 E = Vault monster count
 F = Vault count percentage of total count
                 A         B        C        D         E       F
            +---------+---------+-------+---------+---------+-------
      Total |      34 |       0 |   0.0 |      21 |       0 |   0.0
            +---------+---------+-------+---------+---------+-------
        D:1 |      31 |       0 |   0.0 |      19 |       0 |   0.0
        D:2 |       3 |       0 |   0.0 |       2 |       0 |   0.0
            +---------+---------+-------+---------+---------+-------
